 Dungeon Sprint DCSS version 0.17.0-27-g4a3f43e (webtiles) character file.

10000000 oplop the Conqueror (level 27, -44/273 HPs)
             Began as a Ghoul Necromancer on Nov 21, 2015.
             Was the Champion of Makhleb.
             Annihilated by The Servant
             ... wielding a +9 glaive of flaming
              (137 damage)
             ... in the Dungeon (Sprint VIII: "Arena of Blood").
             The game lasted 00:04:01 (100 turns).

oplop the Conqueror (Ghoul Necromancer)              Turns: 100, Time: 00:04:01

Health: -44/273    AC:  4    Str: 22    XL:     27
Magic:  24/53      EV: 27    Int: 10    God:    Makhleb [******]
Gold:   0          SH:  0    Dex: 12    Spells: 1 memorised, 79 levels left

rFire  . . .     SeeInvis .     j - +∞ Axe of Woe
rCold  + . .     Clarity  .     a - +0 robe
rNeg   + + +     SustAt   .     (shield currently unavailable)
rPois  ∞         Gourm    .     (no helmet)
rElec  .         Spirit   .     (no cloak)
rCorr  .         Warding  .     (no gloves)
rMut   .         NoTele   +     (no boots)
MR     ++...                    (no amulet)
Stlth  +++++++++.               (no ring)
                                (no ring)

@: rotting, very resistant to hostile enchantments, incredibly stealthy
A: rotting body, claws 1, carnivore 3, cold resistance 1, negative energy
resistance 3, slow regeneration 1, torment resistance, unbreathing
a: Minor Destruction, Lesser Servant of Makhleb, Major Destruction, Greater
Servant of Makhleb, Renounce Religion


You were in the Dungeon.
You worshipped Makhleb.
Makhleb was exalted by your worship.
You were not hungry.

You visited 1 branch

Inventory:

Hand Weapons
 j - the +∞ Axe of Woe (weapon)
   (You found it in the Dungeon)
Armour
 a - a +0 robe (worn)
Scrolls
 i - a scroll of blinking
Potions
 d - a potion of curing
 e - a potion of heal wounds
 f - a potion of haste
 g - 2 potions of magic
 h - a potion of berserk rage
Books
 b - a book of Necromancy

   Spells                             Type                      Level
   a - Pain                           Necromancy                   1
   b - Animate Skeleton               Necromancy                   1
   c - Vampiric Draining              Necromancy                   3
   d - Regeneration                   Charms/Necromancy            3
   e - Animate Dead                   Necromancy                   4
   f - Control Undead                 Necromancy                   4
Comestibles
 c - a meat ration


   Skills:
 O Level 27 Fighting
 O Level 27 Axes
 O Level 27 Throwing
 O Level 27 Armour
 O Level 27 Dodging
 O Level 27 Stealth
 O Level 27 Unarmed Combat
 O Level 27 Spellcasting
 O Level 27 Necromancy
 O Level 27 Invocations


You had 79 spell levels left.
You knew the following spells:

 Your Spells              Type           Power        Failure   Level  Hunger
a - Pain                  Necr           ####         0%          1    None


Dungeon Overview and Level Annotations

Branches:
Dungeon (1/1)

Altars:
Makhleb

Annotations:
D The Servant


Innate Abilities, Weirdness & Mutations

Your body is rotting away.
You thrive on raw meat.
You are immune to poison.
You have sharp fingernails.
You are carnivorous and can eat meat at any time.
Your flesh is cold resistant.
You are immune to negative energy.
You regenerate slowly when monsters are visible.
You are immune to unholy pain and torment.
You can survive without breathing.


Message History

You hear a shout! x3
A bag of meat comes into view. It is wielding a +9 war axe.
Unknown command.
The bag of meat shouts!
You hit the bag of meat.
You pulverise the bag of meat into a thin bloody mist.
You kill the bag of meat!
Makhleb accepts your kill.
You feel better.
You slice something!!
You dissect something like a pig carcass.
Makhleb accepts your kill.
You feel a bit more experienced.
The tyrant mumbles some strange words.
The accursed points at you and mumbles some strange words.
Something smites you!
You feel something staring at you. Something smites you!
The Servant hits you from afar with a +9 glaive of flaming!!!!
Ouch! That really hurt!
You die...

.....#.... #)))....#
..#XX.X.M###%%.....###.
....XXWX))%%).###......
..X.XL#.))))..._.......
...D#%XXoo)M#.....#....
#.XXoLX)%o%#_.<._# .
.%%.#X@C)o..#..o..#
....X.#))%....W_z....
...o.X%C@..2%.###......
......L{.###%.%. ..###.
.......... #.... ..#
..{..D.....#.... ..#
..#.......... ..
.#.#.#.......
.#.#.........
.#.#.........


You could see 2 accurseds, 6 tentacled monstrosities, a meat beast, 3 tyrants,
The Servant, 2 eight-headed meat hydras, 2 large bags of meat, 10 large
abominations, 2 dreads and 7 bags of meat.

Vanquished Creatures
  Sigmund (D)
  3 hell beasts (D)
  3 greater mummies (D)
  A great orb of eyes (D)
  2 wraiths (D)
  16 vampire knights (D)
  36 ogres (D)
  5 liches (D)
  A hydra (D)
  101 orcs (D)
  2 phantoms (D)
  8 hill giants (D)
  10 skeletal warriors (D)
  11 large abominations (D)
  9 small abominations (D)
  15 crawling corpses (D)
224 creatures vanquished.

Vanquished Creatures (others)
  6 crawling corpses (D)
6 creatures vanquished.

Grand Total: 230 creatures vanquished

Notes
Turn   | Place    | Note
--------------------------------------------------------------
     0 | D        | oplop the Ghoul Necromancer began the quest for the Orb.
     0 | D        | Reached XP level 1. HP: 14/14 MP: 2/2
     3 | D        | Became a worshipper of Makhleb the Destroyer
     6 | D        | Noticed a bag of meat
     6 | D        | Noticed a bag of meat
     6 | D        | Noticed a bag of meat
     9 | D        | Noticed a meat berserker
     9 | D        | Noticed a bag of meat
    10 | D        | Noticed a bag of meat
    10 | D        | Noticed a bag of meat
    10 | D        | Noticed a meat berserker
    10 | D        | Killed a bag of meat
    10 | D        | Reached skill level 14 in Fighting
    10 | D        | Reached XP level 2. HP: 16/46 MP: 2/13
    10 | D        | Reached XP level 3. HP: 18/52 MP: 2/14
    10 | D        | Reached XP level 4. HP: 20/60 MP: 2/16
    10 | D        | Reached XP level 5. HP: 22/67 MP: 2/17
    10 | D        | Reached XP level 6. HP: 24/74 MP: 2/19
    10 | D        | Reached XP level 7. HP: 26/81 MP: 2/20
    10 | D        | Reached XP level 8. HP: 28/89 MP: 2/22
    10 | D        | Reached XP level 9. HP: 29/95 MP: 2/23
    10 | D        | Reached XP level 10. HP: 31/103 MP: 2/24
    10 | D        | Reached XP level 11. HP: 33/110 MP: 2/25
    10 | D        | Reached XP level 12. HP: 35/117 MP: 2/26
    10 | D        | Killed a bag of meat
    10 | D        | Reached * piety under Makhleb
    10 | D        | Reached skill level 16 in Fighting
    10 | D        | Reached skill level 15 in Necromancy
    10 | D        | Reached XP level 13. HP: 37/129 MP: 2/29
    10 | D        | Killed a bag of meat
    10 | D        | Reached skill level 17 in Fighting
    10 | D        | Reached skill level 15 in Axes
    10 | D        | Reached skill level 15 in Dodging
    10 | D        | Reached XP level 14. HP: 72/141 MP: 2/31
    11 | D        | Noticed a bag of meat
    11 | D        | Noticed a bag of meat
    11 | D        | Killed a bag of meat
    11 | D        | Reached ** piety under Makhleb
    11 | D        | Reached skill level 18 in Fighting
    11 | D        | Reached skill level 15 in Spellcasting
    11 | D        | Killed a bag of meat
    11 | D        | Reached skill level 19 in Fighting
    11 | D        | Reached XP level 15. HP: 100/155 MP: 2/34
    11 | D        | Noticed a bag of meat
    11 | D        | Noticed a bag of meat
    11 | D        | Noticed a bag of meat
    12 | D        | Noticed a large bag of meat
    12 | D        | Noticed a meat berserker
    12 | D        | Killed a meat berserker
    12 | D        | Reached *** piety under Makhleb
    12 | D        | Reached skill level 21 in Fighting
    12 | D        | Reached XP level 16. HP: 105/167 MP: 2/36
    12 | D        | Killed a meat berserker
    12 | D        | Reached skill level 23 in Fighting
    13 | D        | Noticed a bag of meat
    13 | D        | Killed a bag of meat
    13 | D        | Reached **** piety under Makhleb
    13 | D        | Reached XP level 17. HP: 154/181 MP: 3/39
    14 | D        | Noticed a meat berserker
    15 | D        | Noticed a bag of meat
    15 | D        | Killed a meat berserker
    15 | D        | Reached skill level 25 in Fighting
    15 | D        | Killed a bag of meat
    15 | D        | Reached ***** piety under Makhleb
    15 | D        | Reached XP level 18. HP: 191/194 MP: 3/41
    16 | D        | Noticed a bag of meat
    16 | D        | Noticed a meat berserker
    16 | D        | Killed a bag of meat
    16 | D        | Reached skill level 26 in Fighting
    16 | D        | Noticed a bag of meat
    17 | D        | Killed a large bag of meat
    18 | D        | Killed a meat berserker
    18 | D        | Reached skill level 27 in Fighting
    18 | D        | Reached XP level 19. HP: 205/207 MP: 4/44
    18 | D        | Killed a bag of meat
    19 | D        | Noticed a meat berserker
    19 | D        | Killed a bag of meat
    19 | D        | Reached skill level 27 in Necromancy
    19 | D        | Killed a bag of meat
    19 | D        | Reached ****** piety under Makhleb
    19 | D        | Killed a bag of meat
    20 | D        | Noticed a bag of meat
    20 | D        | Noticed a bag of meat
    20 | D        | Killed a meat berserker
    20 | D        | Reached skill level 27 in Axes
    20 | D        | Reached skill level 27 in Dodging
    20 | D        | Reached skill level 27 in Spellcasting
    20 | D        | Reached skill level 10 in Invocations
    20 | D        | Reached XP level 20. HP: 216/216 MP: 4/50
    20 | D        | Killed a bag of meat
    21 | D        | Noticed a bag of meat
    21 | D        | Noticed a meat berserker
    22 | D        | Noticed a bag of meat
    22 | D        | Noticed a bag of meat
    22 | D        | Noticed a bag of meat
    22 | D        | Noticed a bag of meat
    23 | D        | Noticed a bag of meat
    23 | D        | Noticed a destroyer
    24 | D        | Noticed a bag of meat
    24 | D        | Noticed a bag of meat
    24 | D        | Killed a meat berserker
    24 | D        | Killed a bag of meat
    24 | D        | Reached XP level 21. HP: 224/224 MP: 5/51
    26 | D        | Noticed a bag of meat
    26 | D        | Noticed a large bag of meat
    26 | D        | Noticed a meat berserker
    26 | D        | Noticed a destroyer
    26 | D        | Killed a bag of meat
    26 | D        | Killed a meat berserker
    26 | D        | Killed a bag of meat
    26 | D        | Reached skill level 27 in Invocations
    27 | D        | Noticed a bag of meat
    27 | D        | Noticed a large bag of meat
    27 | D        | Killed a bag of meat
    27 | D        | Reached skill level 27 in Armour
    27 | D        | Reached skill level 5 in Unarmed Combat
    27 | D        | Reached XP level 22. HP: 233/233 MP: 6/52
    28 | D        | Noticed a bag of meat
    28 | D        | Noticed a meat berserker
    28 | D        | Noticed a meat berserker
    29 | D        | Noticed a bag of meat
    29 | D        | Noticed a bag of meat
    29 | D        | Noticed a meat berserker
    29 | D        | Noticed a meat berserker
    29 | D        | Noticed a large bag of meat
    29 | D        | Noticed a destroyer
    30 | D        | Noticed a bag of meat
    30 | D        | Killed a bag of meat
    30 | D        | Reached skill level 10 in Stealth
    30 | D        | Reached skill level 10 in Unarmed Combat
    30 | D        | Killed a meat berserker
    30 | D        | Noticed a bag of meat
    31 | D        | Killed a destroyer
    31 | D        | Killed a bag of meat
    31 | D        | Reached XP level 23. HP: 240/240 MP: 7/53
    32 | D        | Noticed a bag of meat
    32 | D        | Noticed a bag of meat
    32 | D        | Noticed a large bag of meat
    32 | D        | Noticed a sculptor of flesh
    32 | D        | Killed a meat berserker
    33 | D        | Noticed a bag of meat
    33 | D        | Killed a meat berserker
    33 | D        | Reached skill level 27 in Stealth
    33 | D        | Killed a bag of meat
    33 | D        | Reached skill level 27 in Unarmed Combat
    34 | D        | Killed a meat berserker
    34 | D        | Reached skill level 27 in Throwing
    34 | D        | Reached XP level 24. HP: 249/249 MP: 8/53
    35 | D        | Noticed a bag of meat
    35 | D        | Noticed a meat berserker
    36 | D        | Noticed a bag of meat
    36 | D        | Killed a bag of meat
    36 | D        | Killed a large bag of meat
    36 | D        | Killed a bag of meat
    36 | D        | Killed a bag of meat
    37 | D        | Killed a bag of meat
    37 | D        | Killed a bag of meat
    38 | D        | Killed a bag of meat
    38 | D        | Reached XP level 25. HP: 257/257 MP: 9/53
    39 | D        | Noticed a sculptor of flesh
    39 | D        | Noticed a sculptor of flesh
    39 | D        | Noticed a meat berserker
    39 | D        | Noticed a bag of meat
    39 | D        | Noticed a meat berserker
    39 | D        | Killed a bag of meat
    39 | D        | Killed a bag of meat
    39 | D        | Killed a large bag of meat
    40 | D        | Noticed a meat berserker
    40 | D        | Killed a bag of meat
    40 | D        | Killed a bag of meat
    40 | D        | Killed a meat berserker
    41 | D        | Noticed a large bag of meat
    41 | D        | Noticed a meat berserker
    41 | D        | Killed a meat berserker
    41 | D        | Reached XP level 26. HP: 266/266 MP: 10/53
    41 | D        | Killed a bag of meat
    42 | D        | Noticed a sculptor of flesh
    42 | D        | Killed a bag of meat
    42 | D        | Killed a destroyer
    42 | D        | Killed a bag of meat
    43 | D        | Noticed a bag of meat
    43 | D        | Noticed a bag of meat
    43 | D        | Killed a bag of meat
    43 | D        | Killed a large bag of meat
    43 | D        | Reached XP level 27. HP: 273/273 MP: 10/53
    44 | D        | Noticed a destroyer
    44 | D        | Noticed a sculptor of flesh
    44 | D        | Killed a sculptor of flesh
    44 | D        | Killed a bag of meat
    45 | D        | Noticed a meat berserker
    45 | D        | Noticed a bag of meat
    45 | D        | Killed a bag of meat
    46 | D        | Noticed a meat berserker
    46 | D        | Noticed a bag of meat
    46 | D        | Killed a meat berserker
    46 | D        | Killed a meat berserker
    46 | D        | Killed a bag of meat
    47 | D        | Killed a meat berserker
    48 | D        | Noticed a bag of meat
    49 | D        | Noticed a bag of meat
    49 | D        | Noticed an accursed
    49 | D        | Killed a sculptor of flesh
    49 | D        | Killed a bag of meat
    49 | D        | Killed a bag of meat
    50 | D        | Noticed a meat berserker
    50 | D        | Noticed a bag of meat
    50 | D        | Noticed a bag of meat
    50 | D        | Killed a meat berserker
    50 | D        | Noticed a destroyer
    51 | D        | Noticed a bag of meat
    51 | D        | Noticed a meat berserker
    51 | D        | Noticed a sculptor of flesh
    51 | D        | Killed a sculptor of flesh
    51 | D        | Killed a bag of meat
    51 | D        | Killed a destroyer
    52 | D        | Noticed an accursed
    52 | D        | Noticed a bag of meat
    52 | D        | Noticed a sculptor of flesh
    52 | D        | Noticed a bag of meat
    52 | D        | Noticed a bag of meat
    52 | D        | Noticed a bag of meat
    53 | D        | Noticed a bag of meat
    53 | D        | Noticed a tyrant
    53 | D        | Noticed a bag of meat
    53 | D        | Noticed a bag of meat
    53 | D        | Noticed a bag of meat
    53 | D        | Noticed a bag of meat
    53 | D        | Noticed a large bag of meat
    53 | D        | Killed a bag of meat
    53 | D        | Killed a meat berserker
    53 | D        | Noticed a bag of meat
    54 | D        | Noticed a bag of meat
    54 | D        | Noticed a destroyer
    54 | D        | Killed a large bag of meat
    55 | D        | Noticed a bag of meat
    55 | D        | Killed a meat berserker
    56 | D        | Noticed a bag of meat
    56 | D        | Noticed a meat berserker
    56 | D        | Noticed a bag of meat
    56 | D        | Noticed a destroyer
    56 | D        | Noticed a bag of meat
    56 | D        | Noticed a bag of meat
    56 | D        | Noticed a bag of meat
    56 | D        | Noticed a bag of meat
    56 | D        | Noticed a bag of meat
    57 | D        | Noticed a destroyer
    57 | D        | Noticed a bag of meat
    57 | D        | Noticed a bag of meat
    57 | D        | Noticed a destroyer
    57 | D        | Killed an accursed
    57 | D        | Killed a destroyer
    57 | D        | Killed a bag of meat
    57 | D        | Killed a bag of meat
    58 | D        | Killed a meat berserker
    58 | D        | Killed a sculptor of flesh
    58 | D        | Killed a bag of meat
    59 | D        | Noticed a destroyer
    59 | D        | Noticed a meat berserker
    59 | D        | Noticed a bag of meat
    59 | D        | Noticed a bag of meat
    59 | D        | Noticed a bag of meat
    59 | D        | Noticed a meat berserker
    59 | D        | Killed a large bag of meat
    59 | D        | Killed a bag of meat
    60 | D        | Noticed a bag of meat
    60 | D        | Noticed a bag of meat
    60 | D        | Killed a bag of meat
    60 | D        | Killed a destroyer
    60 | D        | Noticed The Captor
    61 | D        | Noticed a large bag of meat
    61 | D        | Noticed a destroyer
    61 | D        | Noticed a bag of meat
    61 | D        | Noticed a bag of meat
    61 | D        | Noticed a bag of meat
    61 | D        | Noticed a meat berserker
    61 | D        | Killed a meat berserker
    61 | D        | Killed a destroyer
    62 | D        | Noticed a meat berserker
    62 | D        | Killed a bag of meat
    62 | D        | Killed a destroyer
    62 | D        | Killed a sculptor of flesh
    63 | D        | Noticed a meat berserker
    63 | D        | Noticed a meat berserker
    63 | D        | Killed a tyrant
    63 | D        | Killed a bag of meat
    63 | D        | Killed a bag of meat
    64 | D        | Killed a destroyer
    64 | D        | Killed a bag of meat
    64 | D        | Killed a bag of meat
    64 | D        | Killed a sculptor of flesh
    64 | D        | Killed a bag of meat
    65 | D        | Noticed a meat berserker
    65 | D        | Killed a bag of meat
    65 | D        | Killed a large bag of meat
    65 | D        | Killed a destroyer
    66 | D        | Noticed a bag of meat
    66 | D        | Noticed a meat berserker
    66 | D        | Noticed a bag of meat
    66 | D        | Noticed a bag of meat
    66 | D        | Killed a bag of meat
    66 | D        | Killed a bag of meat
    66 | D        | Killed a bag of meat
    66 | D        | Killed a meat berserker
    66 | D        | Killed a bag of meat
    67 | D        | Noticed a bag of meat
    67 | D        | Noticed a meat berserker
    67 | D        | Noticed a meat berserker
    67 | D        | Noticed a tyrant
    67 | D        | Noticed a bag of meat
    67 | D        | Killed a meat berserker
    67 | D        | Killed a bag of meat
    67 | D        | Killed a meat berserker
    67 | D        | Killed a bag of meat
    67 | D        | Killed a bag of meat
    68 | D        | Noticed a destroyer
    68 | D        | Noticed a bag of meat
    68 | D        | Noticed a meat berserker
    68 | D        | Noticed a bag of meat
    68 | D        | Noticed a sculptor of flesh
    68 | D        | Killed The Captor
    68 | D        | Killed a bag of meat
    68 | D        | Killed a meat berserker
    68 | D        | Killed a destroyer
    69 | D        | Noticed a destroyer
    69 | D        | Noticed a bag of meat
    69 | D        | Killed a meat berserker
    70 | D        | Noticed a bag of meat
    70 | D        | Noticed a bag of meat
    70 | D        | Killed a sculptor of flesh
    70 | D        | Killed an accursed
    71 | D        | Noticed a dread
    71 | D        | Noticed a bag of meat
    71 | D        | Noticed a destroyer
    71 | D        | Killed a destroyer
    71 | D        | Killed a meat berserker
    71 | D        | Killed a bag of meat
    71 | D        | Killed a bag of meat
    71 | D        | Killed a bag of meat
    72 | D        | Noticed a sculptor of flesh
    72 | D        | Noticed a tyrant
    72 | D        | Noticed a bag of meat
    72 | D        | Killed a meat berserker
    72 | D        | Killed a bag of meat
    72 | D        | Killed a bag of meat
    72 | D        | Killed a bag of meat
    72 | D        | Killed a meat berserker
    73 | D        | Noticed a bag of meat
    73 | D        | Killed a meat berserker
    73 | D        | Killed a meat berserker
    73 | D        | Killed a destroyer
    73 | D        | Killed a bag of meat
    73 | D        | Noticed a meat beast
    74 | D        | Noticed a bag of meat
    74 | D        | Killed a bag of meat
    74 | D        | Killed a meat berserker
    75 | D        | Noticed a destroyer
    75 | D        | Killed a destroyer
    75 | D        | Killed a destroyer
    75 | D        | Killed a bag of meat
    75 | D        | Killed a bag of meat
    76 | D        | Noticed The Servant
    76 | D        | Noticed a meat beast
    76 | D        | Noticed a bag of meat
    76 | D        | Noticed a bag of meat
    76 | D        | Noticed a bag of meat
    76 | D        | Killed a bag of meat
    76 | D        | Killed a sculptor of flesh
    76 | D        | Killed a large bag of meat
    77 | D        | Killed a meat berserker
    77 | D        | Killed a bag of meat
    77 | D        | Killed a bag of meat
    78 | D        | Noticed a destroyer
    78 | D        | Noticed a bag of meat
    78 | D        | Killed a tyrant
    78 | D        | Killed a bag of meat
    78 | D        | Killed a bag of meat
    79 | D        | Noticed a bag of meat
    80 | D        | Noticed an accursed
    80 | D        | Noticed a sculptor of flesh
    80 | D        | Noticed a bag of meat
    80 | D        | Noticed a meat berserker
    80 | D        | Noticed a bag of meat
    80 | D        | Killed a bag of meat
    80 | D        | Killed a meat beast
    80 | D        | Killed a bag of meat
    80 | D        | Killed a bag of meat
    80 | D        | Killed a meat beast
    80 | D        | Killed a bag of meat
    81 | D        | Killed a bag of meat
    81 | D        | Killed a bag of meat
    81 | D        | Killed a destroyer
    81 | D        | Killed a bag of meat
    82 | D        | Noticed a tyrant
    82 | D        | Noticed a bag of meat
    82 | D        | Noticed a meat berserker
    83 | D        | Killed a bag of meat
    83 | D        | Killed a bag of meat
    83 | D        | Killed a bag of meat
    83 | D        | Killed a dread
    83 | D        | Killed a bag of meat
    83 | D        | Killed a bag of meat
    84 | D        | Noticed a large bag of meat
    84 | D        | Noticed a meat beast
    84 | D        | Killed a bag of meat
    85 | D        | Noticed a bag of meat
    85 | D        | Noticed a bag of meat
    85 | D        | Noticed a bag of meat
    85 | D        | Noticed a bag of meat
    85 | D        | Killed a meat berserker
    86 | D        | Noticed a bag of meat
    86 | D        | Noticed a bag of meat
    86 | D        | Killed a sculptor of flesh
    86 | D        | Killed a bag of meat
    87 | D        | Noticed a bag of meat
    87 | D        | Noticed a bag of meat
    87 | D        | Killed a bag of meat
    88 | D        | Noticed a meat berserker
    89 | D        | Noticed a bag of meat
    89 | D        | Noticed a tyrant
    90 | D        | Noticed an accursed
    90 | D        | Noticed a dread
    90 | D        | Killed a tyrant
    90 | D        | Killed a destroyer
    90 | D        | Killed a meat berserker
    90 | D        | Killed a wretched soul
    91 | D        | Noticed a dread
    91 | D        | Killed a meat beast
    91 | D        | Noticed a tyrant
    92 | D        | Noticed an accursed
    92 | D        | Killed a meat berserker
    92 | D        | Killed a sculptor of flesh
    92 | D        | Killed a bag of meat
    92 | D        | Killed a tyrant
    93 | D        | Noticed a tyrant
    93 | D        | Killed a bag of meat
    93 | D        | Killed a bag of meat
    93 | D        | Killed a bag of meat
    94 | D        | Noticed a tyrant
    94 | D        | Noticed a large bag of meat
    94 | D        | Killed a bag of meat
    94 | D        | Killed a bag of meat
    94 | D        | Killed a bag of meat
    95 | D        | Noticed a bag of meat
    96 | D        | Killed an accursed
    96 | D        | Killed a bag of meat
    96 | D        | Killed a tyrant
    97 | D        | Killed a wretched soul
    97 | D        | Killed a bag of meat
    98 | D        | Killed a dread
    99 | D        | Noticed a meat beast
    99 | D        | Noticed a dread
   100 | D        | Noticed a bag of meat
   100 | D        | Killed a bag of meat
   100 | D        | Killed an observer
   100 | D        | Annihilated by The Servant

Action                   |  1- 3 |  4- 6 |  7- 9 | 10-12 | 13-15 | 16-18 | 19-21 | 22-24 | 25-27 || total
-------------------------+-------+-------+-------+-------+-------+-------+-------+-------+-------++-------
Melee: Executioner's axe |     1 |       |       |       |     2 |     5 |     5 |     8 |    55 ||    76
Invok: Greater Servant o |       |       |       |       |       |       |       |       |     1 ||     1
